 Dungeon Crawl Stone Soup version 0.25-a0-583-g696c2ac64d (webtiles) character file.

Game seed: 2849056889669054455, levelgen mode: deterministic

85 Maize the Chopper (level 4, -1/41 HPs)
             Began as a Minotaur Berserker on Mar 8, 2020.
             Was a Believer of Trog.
             Slain by Terence
             ... wielding a +0 flail
              (4 damage)
             ... on level 2 of the Dungeon.
             The game lasted 00:02:41 (1427 turns).

Maize the Chopper (Minotaur Berserker)              Turns: 1427, Time: 00:02:41

Health: -1/41      AC:  6    Str: 23    XL:     4   Next: 25%
Magic:  3/3        EV: 10    Int:  4    God:    Trog [**....]
Gold:   78         SH:  0    Dex:  9    Spells: 3/3 levels left

rFire    . . .     SeeInvis .   m - -3 hand axe (curse)
rCold    . . .     Gourm    .   (no shield)
rNeg     . . .     Faith    .   b - +0 scale mail
rPois    .         Spirit   .   (helmet restricted)
rElec    .         Reflect  .   (no cloak)
rCorr    .         Harm     .   (no gloves)
MR       .....                  (no boots)
Stlth    ..........             (no amulet)
HPRegen  0.13/turn              (no ring)
MPRegen  0.08/turn              (no ring)

@: no status effects
A: retaliatory headbutt, horns 2
a: Berserk, Trog's Hand, Renounce Religion


You were on level 2 of the Dungeon.
You worshipped Trog.
Trog was pleased with you.
You were hungry.

You visited 1 branch of the dungeon, and saw 2 of its levels.

You collected 78 gold pieces.

Inventory:

Hand Weapons
 a - a +0 hand axe
 m - a cursed -3 hand axe (weapon)
Armour
 b - a +0 scale mail (worn)
Scrolls
 e - a scroll of fear
 f - a scroll of amnesia {unknown}
 g - a scroll of enchant weapon
 h - a scroll of magic mapping
Potions
 j - a potion of heal wounds {unknown}
 k - a potion of stabbing {unknown}
Comestibles
 c - 4 rations


   Skills:
 + Level 4.4 Fighting
 * Level 4.9 Axes
 + Level 3.4 Armour
 - Level 2.4 Dodging


You had 3 spell levels left.
You didn't know any spells.
Your spell library was empty.

Dungeon Overview and Level Annotations

Branches:
Dungeon (2/15)

Altars:

Annotations:
D:2 Terence


Innate Abilities, Weirdness & Mutations

You reflexively headbutt those who attack you in melee.
You have a pair of horns on your head.


Message History

Terence hits you but does no damage. Terence hits you with a +0 flail.
* * * LOW HITPOINT WARNING * * *
Terence screams, "I want your blood!" Terence barely misses you.
Terence completely misses you. You furiously retaliate!
You headbutt Terence. Terence hits you with a +0 flail.
* * * LOW HITPOINT WARNING * * *
Terence closely misses you. Terence hits you but does no damage.
Terence completely misses you. You furiously retaliate!
You headbutt Terence. Terence misses you. Terence hits you with a +0 flail.
* * * LOW HITPOINT WARNING * * *
Terence hits you with a +0 flail.
* * * LOW HITPOINT WARNING * * *
Terence barely misses you. You furiously retaliate!
You headbutt Terence. Terence hits you but does no damage.
Terence hits you with a +0 flail.
You die...

.....# #.# ####.# #.# #.#
########### #.#
#.###########.........# #.#
#.....................# #.###
***#######...###.........####....
,,,,,,,,*#...# #.........'.....##
*******,*#...# #.........#####.#.
******,,*#####*#@........# #.#.
,,,*,,<,,......@......#### #.#.
**,*,*,,#############.# #.#.
**,*,*,,*.....#######.########.#.
,,,*,,,,,,,......................
****,*..#.###§#####......#.###...
,,,,>,......§§§§§§+......#.# ####
****,*.......§#§###......#+######
*,,,#..####§#§###...###........


You could see Terence.

Vanquished Creatures
  A gnoll (D:1)
  4 adders (D:2)
  A worm (D:2)
  A dart slug (D:1)
  6 goblins (D:1)
  4 jackals (D:1)
  2 ball pythons (D:1)
  6 bats
  2 frilled lizards
  6 kobolds
  5 rats
38 creatures vanquished.

Notes
Turn   | Place    | Note
-------+----------+-------------------------------------------
     0 | D:1      | Maize the Minotaur Berserker began the quest for the Orb.
     0 | D:1      | Reached XP level 1. HP: 19/19 MP: 0/0
   129 | D:1      | Reached XP level 2. HP: 27/27 MP: 1/1
   365 | D:1      | Reached XP level 3. HP: 18/33 MP: 2/2
   470 | D:1      | Reached ** piety under Trog
  1075 | D:2      | Reached XP level 4. HP: 26/41 MP: 3/3
  1379 | D:2      | Noticed Terence
  1423 | D:2      | HP: 2/41 [Terence/+0 flail (2)]
  1427 | D:2      | Slain by Terence

Levels and vault maps discovered:
D:1:      dpeg_arrival_fog, layout_basic, minmay_misc_feat_enclosed
D:2:      layout_basic, uniq_terence

Skill      XL: |  1  2 |
---------------+-------+-----
Axes           | 4 |  4.9
Fighting       | 4 |  4.4
Armour         | 3 |  3.4
Dodging        | |  2.4

Action                   |  1- 3 |  4- 6 || total
-------------------------+-------+-------++-------
Melee: Hand axe          |    71 |    13 ||    84
       Headbutt          |     7 |     2 ||     9
  Use: Scroll            |     1 |     4 ||     5
  Eat: Chunk             |     1 |       ||     1
Armor: Animal skin       |     2 |       ||     2
       Scale mail        |     9 |    12 ||    21
       Leather armour    |     2 |       ||     2
Dodge: Dodged            |    41 |    17 ||    58

Table legend:
 A = Non-vault XP
 B = Vault XP
 C = Vault XP percentage of total XP
 D = Non-vault monster count
 E = Vault monster count
 F = Vault count percentage of total count
                 A         B        C        D         E       F
            +---------+---------+-------+---------+---------+-------
      Total |     122 |       0 |   0.0 |      38 |       0 |   0.0
            +---------+---------+-------+---------+---------+-------
        D:1 |      54 |       0 |   0.0 |      26 |       0 |   0.0
        D:2 |      68 |       0 |   0.0 |      12 |       0 |   0.0
            +---------+---------+-------+---------+---------+-------
